 Dungeon Crawl Stone Soup version 0.19.5 (webtiles) character file.

203 Monsterracer the Conjurer (level 5, 0/28 HPs)
             Began as a Deep Elf Conjurer on Apr 14, 2017.
             Slain by Duvessa
             ... wielding a +0 short sword
              (3 damage)
             ... on level 3 of the Dungeon.
             The game lasted 00:06:19 (1947 turns).

Monsterracer the Conjurer (Deep Elf Conjurer)       Turns: 1947, Time: 00:06:20

Health: 0/28       AC:  3    Str: 10    XL:     5   Next: 51%
Magic:  0/11       EV: 15    Int: 25    God:
Gold:   118        SH:  0    Dex: 15    Spells: 3 memorised, 4 levels left

rFire  . . .     SeeInvis .     i - +0 dagger
rCold  . . .     Gourm    .     a - +1 robe
rNeg   . . .     Faith    .     (no shield)
rPois  .         Spirit   .     (no helmet)
rElec  .         Reflect  .     (no cloak)
rCorr  .         Harm     .     (no gloves)
MR     .....                    (no boots)
Stlth  +.........               (no amulet)
                                j - +2 ring of evasion (curse)
                                f - +4 ring of intelligence

@: mighty, glowing
A: no striking features
a: no special abilities


You were on level 3 of the Dungeon.
You were very hungry.

You visited 1 branch of the dungeon, and saw 4 of its levels.

You collected 118 gold pieces.

Inventory:

Hand Weapons
 i - a +0 dagger (weapon)
Armour
 a - a +1 robe (worn)
Jewellery
 f - a +4 ring of intelligence (left hand)
 j - a cursed +2 ring of evasion (right hand)
Scrolls
 e - 2 scrolls of fear
 g - a scroll of remove curse
 l - a scroll of identify
Books
 b - a book of Conjurations

   Spells                             Type                      Level
   a - Magic Dart                     Conjuration                  1
   b - Searing Ray                    Conjuration                  2
   c - Dazzling Spray                 Conjuration/Hexes            3
   d - Fulminant Prism                Conjuration/Hexes            4
   e - Iskenderun's Mystic Blast      Conjuration                  4
   f - Iskenderun's Battlesphere      Conjuration/Charms           5
Comestibles
 c - 2 bread rations
 k - a meat ration
 n - 2 fruits


   Skills:
 - Level 2.4 Dodging
 - Level 2.4 Stealth
 - Level 3.0 Spellcasting
 + Level 7.5 Conjurations


You had 4 spell levels left.
You knew the following spells:

 Your Spells              Type           Power        Failure   Level  Hunger
a - Magic Dart            Conj           ####         1%          1    None
b - Searing Ray           Conj           #####.       1%          2    ##.....
c - Dazzling Spray        Conj/Hex       ###...       8%          3    ###....


Dungeon Overview and Level Annotations

Branches:
Dungeon (4/15)
 Temple: D:4-7

Altars:
Cheibriados
Sif Muna

Annotations:
D:3 Duvessa


Message History

Duvessa screams, "No!
How DARE you!"
Duvessa goes berserk!
The searing ray hits Duvessa.
Duvessa is severely wounded.
You finish channeling your searing ray.
Duvessa hits you with a short sword!
Ouch! That really hurt!
* * * LOW HITPOINT WARNING * * *
Duvessa hits you with a short sword.
* * * LOW HITPOINT WARNING * * *
You feel very mighty all of a sudden. Duvessa misses you.
Casting: Searing Ray
Confirm with . or Enter, or press ? or * to list all spells.
Aiming: Magic Dart
Press: ? - help, Shift-Dir - straight line, f - Duvessa
Aim: Duvessa, wielding a short sword (severely wounded, berserk, fast, unusually strong, unusually agile)
The magic dart hits Duvessa.
Duvessa is severely wounded.
Duvessa closely misses you. Duvessa hits you with a short sword.
You die...

## #. #. ####
#.## .....
#.##..###...#
#....>e@.#
####..#........
............##
#####.###.#.##
##. ## # #


You could see Duvessa (berserk).

Vanquished Creatures
  Dowan (D:3)
  2 orc wizards (D:4)
  Ijyb (D:2)
  2 adders (D:2)
  2 oozes (D:1)
  2 dart slugs (D:1)
  An orc (D:3)
  A ball python (D:2)
  5 bats
  2 giant cockroaches
  4 goblins
  6 hobgoblins
  7 kobolds
  2 frilled lizards
  5 rats
43 creatures vanquished.

Notes
Turn   | Place    | Note
-------+----------+-------------------------------------------
     0 | D:1      | Monsterracer the Deep Elf Conjurer began the quest for the Orb.
     0 | D:1      | Reached XP level 1. HP: 10/10 MP: 6/6
    75 | D:1      | Reached XP level 2. HP: 10/15 MP: 0/8
   147 | D:1      | Learned a level 2 spell: Searing Ray
   166 | D:1      | Reached skill level 5 in Conjurations
   491 | D:1      | Reached XP level 3. HP: 19/19 MP: 7/9
   541 | D:1      | Learned a level 3 spell: Dazzling Spray
  1267 | D:2      | Noticed Ijyb
  1274 | D:2      | Killed Ijyb
  1274 | D:2      | Reached skill level 6 in Conjurations
  1274 | D:2      | Reached XP level 4. HP: 24/24 MP: 2/10
  1654 | D:2      | Found a snail-covered altar of Cheibriados.
  1780 | D:2      | You fall through a shaft for 2 floors!
  1786 | D:4      | Learned a level 1 spell: Magic Dart
  1804 | D:4      | Found a deep blue altar of Sif Muna.
  1890 | D:4      | Reached skill level 7 in Conjurations
  1890 | D:4      | Reached XP level 5. HP: 23/28 MP: 7/11
  1933 | D:4      | Noticed Duvessa
  1933 | D:4      | Noticed Dowan
  1944 | D:3      | Killed Dowan
  1947 | D:3      | Slain by Duvessa

Skill      XL: |  1  2  3  4 |
---------------+-------------+-----
Conjurations   | 5 6 7 |  7.5
Dodging        | |  2.4
Stealth        | |  2.4
Spellcasting   | |  3.0

Action                   |  1- 3 |  4- 6 || total
-------------------------+-------+-------++-------
 Cast: Magic Dart        |    55 |    20 ||    75
       Searing Ray       |     4 |     2 ||     6
       Dazzling Spray    |       |     5 ||     5
  Use: Potion            |     2 |     1 ||     3
       Scroll            |     3 |     3 ||     6
  Eat: Chunk             |     1 |     1 ||     2
Dodge: Dodged            |     5 |    14 ||    19
